 Dungeon Crawl Stone Soup version 0.21.1-1-g345015fe64 (webtiles) character file.

56 Ivernyr the Charmwright (level 3, -2/28 HPs)
             Began as a Demonspawn Skald on Apr 25, 2018.
             Slain by an adder (3 damage)
             ... on level 2 of the Dungeon.
             The game lasted 00:06:00 (2212 turns).

Ivernyr the Charmwright (Demonspawn Skald)          Turns: 2212, Time: 00:06:01

Health: -2/28      AC:  3    Str: 11    XL:     3   Next: 71%
Magic:  4/6        EV: 12    Int: 14    God:
Gold:   67         SH:  0    Dex: 13    Spells: 1/6 levels left

rFire    . . .     SeeInvis .   (no weapon)
rCold    . . .     Gourm    .   (no shield)
rNeg     . . .     Faith    .   b - +0 leather armour
rPois    .         Spirit   .   (no helmet)
rElec    .         Reflect  .   (no cloak)
rCorr    .         Harm     .   (no gloves)
MR       .....                  (no boots)
Stlth    +.........             (no amulet)
HPRegen  0.09/turn              (no ring)
MPRegen  0.10/turn              (no ring)

@: lethally poisoned (-2 -> -19), singing (expiring)
A: claws 1
a: no special abilities


You were on level 2 of the Dungeon.
You were hungry.

You visited 1 branch of the dungeon, and saw 2 of its levels.

You collected 67 gold pieces.

Inventory:

Armour
 b - a +0 leather armour (worn)
Scrolls
 g - a scroll of identify {unknown}
 i - a scroll of remove curse {unknown}
 j - a scroll of enchant weapon {unknown}
Potions
 a - a potion of invisibility {unknown}
 e - a potion of haste {unknown}
 f - a potion of ambrosia {unknown}
 h - 3 potions of degeneration {unknown}
 k - a potion of heal wounds {unknown}
 l - a potion of might {unknown}
Books
 c - a book of Battle

   Spells                             Type                      Level
   a - Infusion                       Charms                       1
   b - Shroud of Golubria             Charms/Translocation         2
   c - Song of Slaying                Charms                       2
   d - Spectral Weapon                Hexes/Charms                 3
   e - Regeneration                   Charms/Necromancy            3
Comestibles
 d - a ration


   Skills:
 + Level 2.6 Fighting
   Level 1.7 Long Blades
 * Level 2.3 Armour
 - Level 1.7 Dodging
 - Level 2.0 Spellcasting
 + Level 3.2 Charms


You had one spell level left.
You knew the following spells:

 Your Spells              Type           Power        Failure   Level  Hunger
a - Shroud of Golubria    Chrm/Tloc      #.........   24%         2    ###....
b - Song of Slaying       Chrm           ##......     13%         2    ###....
c - Infusion              Chrm           ##..         9%          1    ##.....


Dungeon Overview and Level Annotations

Branches:
Dungeon (2/15)

Altars:


Innate Abilities, Weirdness & Mutations

You have sharp fingernails.


Message History

The adder is almost dead.
* * * LOW HITPOINT WARNING * * *
You feel sick. The adder misses you. The adder bites you.
* * * LOW HITPOINT WARNING * * *
You are more poisoned.
The adder poisons you!
You closely miss the adder.
The adder is almost dead.
Your song is almost over.
* * * LOW HITPOINT WARNING * * *
You feel sick. The adder closely misses you.
You miss the adder.
The adder is almost dead.
* * * LOW HITPOINT WARNING * * *
You feel sick. The adder misses you.
You closely miss the adder.
The adder is almost dead.
* * * LOW HITPOINT WARNING * * *
You feel sick. The adder bites you.
You die...

........# ..
......... ...
........# ..#
........###.# ..
#.......#...# #.#
#........?# #.#
#....# #.# #.#S##
#.# .. #@#### #.#
... #....####.#
..# ####......# #.
######.# #.#
####..# #.#.
#.....#
#...######.#...#
#....##...#.###
####.#............


You could see an adder.

Vanquished Creatures
  A gnoll (D:1)
  A dart slug (D:1)
  A leopard gecko (D:1)
  4 bats (D:1)
  A giant cockroach (D:1)
  6 hobgoblins
  9 jackals (D:1)
  7 kobolds
  A frilled lizard (D:1)
  4 goblins
  2 rats (D:1)
37 creatures vanquished.

Notes
Turn   | Place    | Note
-------+----------+-------------------------------------------
     0 | D:1      | Ivernyr the Demonspawn Skald began the quest for the Orb.
     0 | D:1      | Reached XP level 1. HP: 16/16 MP: 3/3
     9 | D:1      | Reached skill level 1 in Armour
   388 | D:1      | Gained mutation: You have sharp fingernails. [demonic ancestry]
   388 | D:1      | Reached XP level 2. HP: 10/22 MP: 5/5
   918 | D:1      | Reached skill level 3 in Charms
  1241 | D:1      | Reached XP level 3. HP: 25/28 MP: 6/6
  1258 | D:1      | Learned a level 2 spell: Song of Slaying
  1261 | D:1      | Learned a level 2 spell: Shroud of Golubria
  2212 | D:2      | HP: 1/28 [poisoned by an adder]
  2212 | D:2      | Slain by an adder

Skill      XL: |  1  2 |
---------------+-------+-----
Armour         | 1 2 |  2.3
Charms         | 3 |  3.2
Fighting       | |  2.6
Long Blades    | |  1.7
Dodging        | |  1.7
Spellcasting   | |  2.0

Action                   || total
-------------------------++-------
Melee: Falchion          ||    22
       Unarmed           ||   171
 Cast: Shroud of Golubri ||     3
       Song of Slaying   ||     1
  Eat: Chunk             ||     4
Armor: Leather armour    ||    51
Dodge: Dodged            ||   156
       Rpst.: Falchion   ||     7
